[Event "FIDE World Cup"]
[Site "Tbilisi"]
[Date "2017.09.03"]
[Round "1.1"]
[White "Carlsen, Magnus"]
[Black "Balogun, Oluwafemi"]
[Result "1-0"]
[ECO "B06"]
[WhiteElo "2827"]
[BlackElo "2255"]
[Annotator "Sagar Shah"]
[PlyCount "77"]
[EventDate "2017.09.03"]
[EventType "k.o."]
[EventRounds "7"]
[EventCountry "GEO"]
[SourceTitle "CBM 181"]
[Source "ChessBase"]
[SourceDate "2017.11.10"]
[SourceVersion "1"]
[SourceVersionDate "2017.11.10"]
[SourceQuality "1"]
[TimeControl "40/5400+30:1800+30"]

1. e4 d6 2. d4 g6 3. Bc4 {[%emt 0:00:50] Magnus goes for something that the opponent
would not have prepared.} Nf6 4. Qe2 {[%emt 0:00:12] Mikhail
Tal played this before, Carlsen must know this game as he has adopted similar
plan in his game.} Nc6 5. Nf3 Bg7 (5... Bg4 6. Bb5 (6. c3 $14) 6... Nd7 7. c3 e5 8. d5 Ncb8 9. h3 Bxf3
10. Qxf3 Be7 11. g3 Bg5 12. Nd2 h5 13. h4 Bh6 14. Nf1 Bxc1 15. Rxc1 a6 16. Ba4
Kf8 17. Ne3 Nf6 18. O-O Nbd7 19. b4 Kg7 20. Bc2 a5 21. a3 axb4 22. cxb4 Nb6 23.
Ra1 Qd7 24. Rfc1 Ra7 25. Bd3 Rha8 26. Rc3 Na4 27. Rc2 Nb6 28. Rc3 Na4 29. Rc2
Nb6 {1/2-1/2 (29) Tal,M (2625)-Matulovic,M (2525) Skopje 1972}) 6. O-O Bg4 7. c3 {[%emt 0:01:32] Because White has
not developed his knight to c3, he gets to bolster his centre.} O-O 8. h3 Bxf3 9. Qxf3 {[%emt 0:00:35] I
would say such positions are a nightmare against Magnus. Not only does he have
the centre, but also the bishop pair.} e5 10. Rd1 Qe8 {[%emt 0:08:42][%csl Ge4] Getting away from the rook's fire and
threatening to capture the pawn on e4.} 11. d5 {[%emt 0:11:41][%csl Gc4,Gd5]
[%cal Rc4d5] Shutting down your own bishop is not ideal. However, it closes
the centre and gives White the much needed time to complete his development.
Other choices like Be3 or Nd2 did not work as in both cases one of the central
pawns would fall.} Ne7 12. Qe2 $14 {[%emt 0:01:25][%csl Gc1,
Gc4,Gd5,Ge4] The position is similar to the King's Indian Defence but the
major difference is that Black is missing the light-squared bishop which is
usually a very important piece.} Nh5 13. Bb5 Qc8 14. Na3 a6 15. Ba4 f5 {[%emt 0:08:06] Good strong play by Balogun. He realises
that he must do something active before White can finish his development.} 16.
Bc2 f4 $6 {[%emt 0:06:42] Closing the position wasn't the
best idea.} (16... fxe4 $5 {looks more reasonable} 17. Bxe4 Nf6 18. Bf3 Qd7 19.
Bg5 Rae8 $11) 17. Qg4 $1 {[%emt 0:04:09] A really good decision, Black's
threat was to play f3 and shatter White's kingside. Now if Black exchanges
queens then White will have a small edge as he has the bishop pair and if
Black doesn't exchange then White will be in a good position to repel Black's
attack.} Qxg4 (17... Nf6 18. Qxc8 Rfxc8 $14 {gives White a
small edge like in the game.}) (17... Qd8 $5 {keeping the queens on should
have been preferred.}) 18. hxg4 Nf6 19. g5 (19. f3 $6 h5 $1 $11) 19... Nd7 20. Nc4 b6 21. b4 {[%emt 0:00:29] As the kingside is
closed White is in a good position to start his activity on the queenside.} h6 22. gxh6 Bxh6 23. g4 $5 (23. a4 $14 {was also slightly better for White.}) 23... Nf6 24. f3 {[%emt 0:00:04] The kingside is now under control. Over
to the queenside.} Bg5 25. Kg2 Kg7 26. a4 Bh4 {[%emt 0:01:43][%cal Gh4g3,Gf8h8] Trying
to create counterplay on the kingside with ...Bg3, ...Rh8 and ...Rh2.} 27. Bd2 g5 28. Rh1 Ng6 29. Kf1 {[%emt 0:00:44][%cal Gh4g3,Gg6h4] Getting away from the line of
fire as ...Bg3 and ...Nh4 was threatened.} Rh8 30. Ke2 Bg3 31. a5 $1 b5 $6 (31... bxa5 {looks odd but this was the best choice as after} 32. Nxa5
Rh4 $1 33. c4 (33. Nc6 Rah8 {and Black will have control over the h-file and
good counterplay.} 34. Rxh4 gxh4 35. c4 h3 $11) 33... Rah8 34.
Rxh4 Nxh4 {[%cal Gh4f3] and now White needs to be careful as ...Nxf3 is a nice
tactical idea hanging in there.} 35. Rg1 $11 (35. c5 $2 {will fail to the nice}
Nxf3 $1 36. Kxf3 Rh2 37. Rf1 Rxd2 $19) 35... Nxf3 {is still possible} 36. Kxf3
Rh2 37. Rg2 Rh3 38. Rg1 Rh2 39. Rg2 $11) 32. Na3 {[%emt 0:00:01] White's plan
is very clear. Play c4, then b5-break and finally get a passed a-pawn.} Ne7 33. c4 c6 34. dxc6 Nxc6 35. Bc3 $1 Rxh1 36. Rxh1 bxc4 37. Nxc4
{[%emt 0:00:03] Now it's over.} Rb8 (37... Rd8 38. Nb6 $18 ) 38. Nxd6 Kg6 (38... Nxb4
39. Nf5+ Kg6 40. Rh6+ Kf7 41. Bb3+ $18) 39. Nf5 {[%emt 0:00:25] White is in
control and Black's king is close to getting mated. Magnus scored his first
win of the event.} 1-0

[Event "FIDE World Cup"]
[Site "Tbilisi"]
[Date "2017.09.04"]
[Round "1.2"]
[White "Wei, Yi"]
[Black "Sambuev, Bator"]
[Result "1-0"]
[ECO "C19"]
[WhiteElo "2748"]
[BlackElo "2529"]
[Annotator "Sagar Shah"]
[PlyCount "91"]
[EventDate "2017.09.03"]
[EventType "k.o."]
[EventRounds "7"]
[EventCountry "GEO"]
[SourceTitle "CBM 181"]
[Source "ChessBase"]
[SourceDate "2017.11.10"]
[SourceVersion "1"]
[SourceVersionDate "2017.11.10"]
[SourceQuality "1"]
[TimeControl "40/5400+30:1800+30"]

1. e4 e6 2. d4 d5 3. Nc3 Bb4 4. e5 c5 5. a3 Bxc3+ 6. bxc3 Ne7 7. a4 Qc7 8. Nf3 b6 9. Bb5+ Bd7 10. Bd3 Nbc6 11. O-O h6 12. Re1 O-O 13. h4 c4 14. Bf1 f6 15. h5 fxe5 16. dxe5 Rf7 17. Ba3 Raf8 18. Bd6 Qd8 {[%emt 0:00:19] Sambuev's play has been
natural and he is already threatening to sacrifice an exchange on f3.} 19. Be2 Rf5 {[%emt 0:07:19] The h5-pawn is hanging now.} 20. Nh4 Rf4 (20... Rxf2 {Taking the pawn was a good
idea.} 21. Bf3 R2xf3 $1 {Perhaps Sambuev didn't like the resulting positions.}
22. Nxf3 Rf4 $11) 21. Bg4 R8f7 (21... Rxf2
22. Nf3 Rf4 $5 $13) 22. f3 $16 {[%emt 0:01:46] White is now spoiled for choice.
} d4 23. Ng6 $1 Nd5 24. Nxf4 Rxf4 25. cxd4 Rxd4 26. Qe2 Qg5 27. Qf2 Rd2 28. Re2 Rd4 29. Ree1 Rd2 30. Re2 Rd4 31. Qe1 g6 $1 {[%emt 0:03:39] A very nice move by Bator,
trying to get in the move h6-h5.} 32. Re4 $6 (32. hxg6 h5 33.
Bh3 Nf4 $13) (32. Kh1 $1 {A prophylactic move taking away the king from the
g-file.} gxh5 33. Bh3 Nf4 {No more a double attack because of White's last
move.} 34. Re4 Rxe4 35. Qxe4 Qg3 (35... Kh8 36. Rd1 $16) 36. Rg1 $16) 32...
gxh5 33. Bh3 Rd2 34. Kh1 Rxc2 35. f4 $6 (35. Ba3 c3
36. Bc1 Qg6 37. Qd1 Rf2) (35. Qd1 Rd2 36. Qe1 (36. Qg1 c3) 36... c3 $17) 35...
Qg6 (35... Nxf4 $1 36. Qe3 Nxh3 37. Qxh3) 36. f5 $1 {[%emt 0:
00:30] A beautiful idea!} exf5 {[%emt 0:00:13][%cal Rg6e4] The queen's path to
the e4-rook is now blocked.} 37. Qd1 $1 fxe4 38. Qxd5+ Kg7 (38... Kh7 39.
Rg1 Bxh3 40. gxh3 Qe8 41. Qxe4+) 39. Rg1 (39. Bf8+ {would have done justice to the move 36.f5:} Kxf8 40. Rf1+ Bf5 41.
Rxf5+ Qxf5 42. Bxf5 $18) 39... Be8 40. Rf1 h4 41. Bf8+ Kh8 42. Ba3 Kg7 43. Rf6 e3 44. Rxg6+ Bxg6 45. Qd7+ Kh8 46. Bf8 {[%emt 0:00:10] Wei Yi remains alive in the World
Cup 2017 with this win.} 1-0

[Event "FIDE World Cup"]
[Site "Tbilisi"]
[Date "2017.09.20"]
[Round "6.2"]
[White "Vachier Lagrave, Maxime"]
[Black "Aronian, Levon"]
[Result "1/2-1/2"]
[ECO "C84"]
[WhiteElo "2804"]
[BlackElo "2802"]
[Annotator "Sagar Shah"]
[PlyCount "37"]
[EventDate "2017.09.03"]
[EventType "k.o."]
[EventRounds "7"]
[EventCountry "GEO"]
[SourceTitle "CBM 181"]
[Source "ChessBase"]
[SourceDate "2017.11.10"]
[SourceVersion "1"]
[SourceVersionDate "2017.11.10"]
[SourceQuality "1"]
[TimeControl "40/5400+30:1800+30"]

1. e4 e5 2. Nf3 Nc6 3. Bb5 a6 4. Ba4 Nf6 5. O-O Be7 6. d3 {
[%emt 0:00:22] Once the e4-pawn is defended, Black has to be careful about his
e5-pawn. The threat now is Bxc6 and Nxe5.} b5 7. Bb3 d6 {[%emt 0:00:05] Once the e5-pawn is defended, White has to be
careful about ...Na5, winning his important Ruy Lopez bishop. It's small
points like these that help you to remember complex long lines in the opening.}
8. a3 O-O 9. Nc3 Bg4 $5 {
[%emt 0:00:05] This came as a big surprise to MVL. The main reason being Levon
has reached this position seven times and six times he has played ...Na5. On
the one occasion where he didn't play ...Na5, he had gone for ...Be6. I like
this move because it is very direct and has a clear threat - ...Nd4!?} (9...
Na5 10. Ba2 Be6 {is one of the main lines.}) (9... Be6 $5 {is also possible.})
10. Be3 Nd4 11. Bxd4 exd4 12. Nd5 Nxd5 (12... Nd7 {
has been played in 50 games.} 13. h3 Bxf3 14. Qxf3 c6 15. Nxe7+ (15. Nf4 {
is also possible.}) 15... Qxe7 16. Qg3 $36 {With f4 coming up, White can hope
for a slight initiative here. Aronian himself played from the white side of
this position with a good result.} Nc5 17. Ba2 a5 18. f4 Rab8 19. Qf2 Na4 20.
Rab1 c5 21. e5 dxe5 22. fxe5 Qxe5 23. Bxf7+ Kh8 24. Rbe1 Qc7 25. Re4 Nxb2 26.
Qf5 h6 27. Re6 Rb6 28. Bg6 Rg8 29. Re8 Rf6 30. Rxg8+ Kxg8 31. Qd5+ Kf8 32. Re1
{1-0 (32) Aronian,L (2784)-Kovalev,V (2546) Berlin GER 2015}) (12... c5 13. h3
Be6 14. Nf4 Bxb3 15. cxb3 {[%cal Gb3b4] with an interesting and complex
position.}) 13. Bxd5 (13. exd5 $6 {It looks a bit odd to
block your own bishop} f5 (13... Bf6 $11) 14. h3 Bh5 15. Re1 Bf6 $15 {[%cal
Gg7g5] Black has an edge, the idea of g5-g4 is strong. Moreover White's bishop
is not participating in the game.}) 13... Rc8 {[%emt 0:00:09] The importance
of this move will become clear very soon.} (13... Rb8 {was also possible but
White is better in that case after} 14. a4 $5 $14) 14. h3 (14.
Bb7 $6 Rb8 15. Bxa6 $4 {and the pawn on a6 is taboo.} Rb6 $19) ({When I saw
this first game of the MVL-Aronian match, I felt like this line was already
dead for White. Because everything seemed just so forced. This was the only
spot where White could improve instead of playing h3. And this MVL did in the
third game!} 14. Bc6 $5 {Not to say that this move gives White an edge, but it
keeps more possibilities in the position.} Bf6 15. a4 Bd7 (15... Rb8 16. axb5
axb5 17. Ra7 Rb6 18. Bd5 c6 19. Bb3 Qb8 20. Ra5 Qb7 21. h3 Bxf3 22. Qxf3 Ra6
23. Rxa6 Qxa6 24. Qg3 c5 25. Bd5 $16 {White got this beautifully placed bishop
on d5.}) 16. Bxd7 Qxd7 17. Qd2 Qc6 18. b3 Rfe8 19. Rfe1 Qc5 20. g4 b4 21. Re2
c6 22. Rae1 g6 23. Kg2 Re6 24. h4 Rce8 25. Ng5 R6e7 26. f4 {1-0 (64) Vachier
Lagrave,M (2804)-Aronian,L (2802) Tbilisi GEO 2017}) 14... Bd7 $1 {[%emt 0:00:
05] Keeping the bishop and controlling the important c6-square.} (14... Bxf3
15. Qxf3 $14 {[%csl Gf7] In this opposite coloured bishop endgame, White would
be happy to press for many moves, thanks to his superior bishop.}) 15. Nxd4 c6 $1 {[%emt 0:00:06] Now you can see the usefulness of having
the rook on c8.} 16. Bb3 Bf6 {[%emt 0:00:06] The bishop
attacks the knight and it cannot move as the b2-pawn is left hanging.} 17. c3 Bxd4 18. cxd4 Qf6 {[%emt 0:
00:04] There is no way the d4-pawn can be defended.} 19. Qd2 {[%emt 0:03:35]
Maxime made this move and offered a draw, which was accepted by Levon. I think
this was a very successful opening innovation by Aronian.} (19. d5 Qxb2 {
White risks being worse here.}) (19. Qd2 Qxd4 20. a4 c5 21. axb5 axb5 22. Qc3
Qxc3 23. bxc3 Ra8 $11) 1/2-1/2

[Event "FIDE World Cup"]
[Site "Tbilisi"]
[Date "2017.09.21"]
[Round "6.3"]
[White "So, Wesley"]
[Black "Ding, Liren"]
[Result "1/2-1/2"]
[ECO "A13"]
[WhiteElo "2792"]
[BlackElo "2771"]
[Annotator "Sagar Shah"]
[PlyCount "135"]
[EventDate "2017.09.03"]
[EventType "k.o."]
[EventRounds "7"]
[EventCountry "GEO"]
[SourceTitle "CBM 181"]
[Source "ChessBase"]
[SourceDate "2017.11.10"]
[SourceVersion "1"]
[SourceVersionDate "2017.11.10"]
[SourceQuality "1"]
[TimeControl "1500+10"]

1. c4 Nf6 2. Nf3 e6 3. g3 d5 4. Bg2 dxc4 5. O-O (5. Qa4+ {is the main line}
Nbd7 {is the most popular} (5... Bd7 {is also theory}) 6. Qxc4 c5 7. O-O b6 8.
d4 (8. Nc3 Bb7 9. d4 Rc8 10. Qd3 cxd4 11. Nxd4 Bxg2 12. Kxg2 Bb4 13. Ndb5 a6
14. Nd6+ Bxd6 15. Qxd6 Qe7 16. Qd3 b5 17. Bf4 e5 18. Bg5 h6 19. Nd5 Qe6 20.
Bxf6 Nxf6 21. Nxf6+ Qxf6 22. Qa3 Rc2 23. b3 Qc6+ 24. Kg1 Qc5 25. Qxa6 O-O 26.
a4 Rxe2 27. a5 e4 {0-1 (56) Grischuk,A (2771)-Eljanov,P (2717) Baku AZE 2015})
8... Bb7 9. Rd1 cxd4 10. Bg5 Be7 11. Nxd4 Bxg2 12. Kxg2 Qc8 13. Nd2 h6 14. Bxf6
Bxf6 15. Rac1 Qb7+ 16. N2f3 O-O 17. Qc6 Qxc6 18. Nxc6 Nc5 19. b4 Rfc8 20. Nfd4
e5 21. Nb3 Rxc6 22. bxc5 Rac8 23. Rd6 bxc5 24. Rxc6 Rxc6 25. Rxc5 Rxc5 26. Nxc5
{1/2-1/2 (34) Aronian,L (2782)-Gelfand,B (2750) Nice 2010}) 5... a6 6. a4 {[%emt 0:01:46] Although this is the main move in the position
it has not been scoring so well mainly because of ...Nc6.} (6. Qc2 b5 7. Ne5
Nd5 8. d3 cxd3 9. Nxd3 {with good compensation.}) 6... Nc6 7.
Qc2 $6 (7. Na3 {is much more common and much better.} Bxa3 8.
Rxa3 e5 9. b3 cxb3 10. Rxb3 O-O 11. Ba3 $44) 7... Na5 ({
It could have been stronger to continue with} 7... e5 $1 8. Qxc4 (8. Na3 Bxa3
9. bxa3 (9. Rxa3 Be6 $15) 9... Be6 $15) 8... Be6 9. Qc2 e4 10. Ng5 Nd4 11. Nxe6
Nxc2 12. Nxd8 Nxa1 $15) 8. Na3 {[%emt 0:00:08] Now it transposes to the main
line} Qd5 $1 (8... Nb3 $6 9. Rb1 $14 Bxa3 10. bxa3 b5 11. Bb2
Bb7 12. d3 O-O 13. axb5 axb5 14. dxc4 bxc4 15. Rbd1 Be4 16. Qxc4 Na5 17. Qb4
Bd5 18. Nh4 c5 19. Qc3 Qb8 20. Bxd5 exd5 21. Rxd5 Nc4 22. Ba1 Rxa3 23. Qxc4
Nxd5 24. Qxd5 Qa8 25. Qd1 f6 26. Nf5 c4 27. Qd4 Kh8 28. Bc3 Ra4 29. e4 Qc6 30.
e5 Raa8 31. Qg4 {1-0 (31) Tomashevsky,E (2688)-Sjugirov,S (2585) Ulan Ude 2009}
) 9. Rd1 {[%emt 0:02:56] White is looking to break the position with d3 and
take advantage of the queen on d5.} (9. Ne1 Qc5 10. d4 (10. d3) 10... cxd3 (
10... Qxd4 11. Bd2 Nb3 12. Rd1 Nxd2 13. Rxd2 Qa7 14. Nxc4 $11) 11. Qxd3 $44)
9... Bd7 10. d4 (10. d3 Nb3 11. Ra2 (11. Rb1
Bxa4 $15) 11... Nxc1 12. Qxc1 Bxa4 (12... cxd3 13. Nc4 Qh5 14. Rxd3 Bc6 $13)
13. Nd2 Qc5 $15) 10... Qf5 (10... Bc6 {According to Ding and
engines this move was stronger than what was played in the game.}) 11. Bd2 (11. Ne5 $5 Qxc2 12. Nxc2 Nd5 13. e4 (13. Ne3 Nxe3 14. Bxe3 Bd6
$15) (13. Bd2 {is probably the best} Nb3 14. Ra2 Nxd2 15. Rxd2 $11) 13... Nb6
14. Nxd7 Nxd7 15. Rb1 (15. Ra2 $5) 15... Nb3 16. Bf4 O-O-O 17. Ne3 Nb6 18. d5
exd5 19. exd5 Bd6 20. Bxd6 Rxd6 21. Bf1 Na5 22. Nf5 Rf6 23. Nxg7 Nxa4 24. Re1
Nb3 25. Ne8 Rb6 26. Re7 Nd2 27. d6 cxd6 28. Rd1 Kd8 29. Rxf7 Kxe8 30. Rg7 Nxf1
{0-1 (30) Melkumyan,H (2519)-Pashikian,A (2621) Yerevan 2009}) (11. Qc3 $2 Nb3
$1 {White will lose an exchange:} 12. Ra2 (12. Bd2 Nxa1 13. Rxa1 $17) 12... Nd5
13. Qxc4 Na5 14. e4 (14. Qd3) 14... Nxc4 15. exf5 Nxa3 16. fxe6 fxe6 17. Rxa3
Bxa3 18. bxa3 $19) 11... Qxc2 12. Nxc2 Nb3 13. Ra2 Bc6 $1 {[%emt 0:00:10] The bishop
will be well placed on d5. Ding places it on the important diagonal before
White can play Ne5.} 14. Ne5 Bd5 15. Bc3 c5 $1 {[%emt 0:02:17] Ding strikes in the centre at the right
time.} 16. a5 (16. dxc5 Bxc5 17. Na1 $5 {an interesting idea
going for the exchange of the important knight on b3.} Rc8 18. Bxd5 Nxd5 19.
Nxc4 Nxa1 20. Raxa1 Be7 (20... Bxf2+ $6 {will not earn Black any advantage} 21.
Kxf2 Rxc4 22. Bxg7 Rg8 23. b3 Rc2 24. Bh6 $11) (20... Nxc3 21. bxc3 Bxf2+ 22.
Kxf2 Rxc4 23. Rab1 Rc7 $11 {[%csl Ga4,Gc3] White's pawn structure will give
Black some chances but White should be okay.}) 21. Rd4 O-O 22. e4 Nxc3 23. bxc3
Rc7 $15 ) 16... Rc8 {[%emt 0:00:44] All very simple
and strong moves.} 17. Ra4 $6 {[%emt 0:04:46] This move has a drawback and
Ding spots it quickly.} (17. dxc5 Bxc5 18. Na1 $5 $15) 17... cxd4 18. Nxd4 {[%emt 0:00:57] Very alert and not making any mistakes.} Nc5 $1 {
[%emt 0:01:34] This is the key move, now the knight will land on e4 and it
will control important squares in White's camp.} 19. Raa1 (19.
Ra2 Nfe4 $17 20. f3 (20. Bxe4 Nxe4 21. f3 Nxc3 22. bxc3 Bc5 $17 {As happened
in the game Black's bishop pair will give him a lasting edge in upcoming
endgame.}) 20... Nxc3 21. bxc3 f6 22. Ng4 e5 23. Ne3 Bf7 24. Ndf5 Rd8 25. Rad2
Rxd2 26. Rxd2 g6 27. Nd6+ Bxd6 28. Rxd6 Ke7 $17 {A very well placed knight on
c5 and White's weakness of the a5-pawn will surely guarantee Black a good
advantage.}) 19... Nce4 20. Bxe4 Nxe4 21. f3 Nxc3 22. bxc3 {
[%emt 0:00:01] Black has not only the bishop pair, but also an extra pawn. He
is clearly better.} f6 23. Ng4 Bc5 24. Kf1 Ke7 {[%emt 0:00:32] Connecting the rooks and
Black's king is ready to take an active part in the endgame.} 25. Rab1 Rhd8 26. e4 Bxd4 27. cxd4 (27. Rxd4 Bc6 28. Rxd8 Rxd8 29. Ke2 Rd3 30. Rc1
$17 {White is passive and sooner or later, Black will create a passer on the
queenside.}) 27... Bc6 $17 {[%emt 0:00:09] The bishop comes to b5 and defends
everything.} 28. Rb4 Bb5 29. Ne3 c3+ 30. Kf2 Rc6 31. Nc2 (31. Rc1 $5 Rdc8 32. Rb3 g6 33. g4 (33. Nd1 c2
34. Ne3 f5 35. exf5 exf5 36. Ke1 Kd6 37. Kd2 Re8 $17) 33... Kd6 34. Nd1 c2 35.
Ne3 Kd7 36. Rb2 $15 {White has good counterplay.}) 31... Rdc8 32. Na3 $2 {[%emt 0:00:44] A bad oversight by Wesley.} (32. Rc1 $17) 32... c2
$1 33. Rc1 Bd3 $1 {[%emt 0:00:17] It seems Wesley missed this move. The knight
on a3 has run out of squares!} 34. Rxb7+ (34. Ke3 Rc3 $19)
34... R6c7 35. Rb2 (35. Rxc7+ Rxc7 36. Ke3
Rc3 $19 ) 35... Rc3 36. Ra2 f5 $1 (36... g5 {[%cal Gg5g4] with the idea of ...g4 was also very
powerful.}) 37. e5 g5 (37... Rd8 38. Ke3 Be4+
39. Ke2 Bxf3+ 40. Kd2 Rb3 41. Nxc2 Be4 $19) 38. Ke1 f4 $1 $19 39. Kd2 Bf5 $6 (39... fxg3
40. hxg3 h5 $19 {was the easiest way to win. The simple point being that White
has absolutely no moves. He cannot take the pawn on c2 because the h-pawn just
queens.}) 40. gxf4 gxf4 41. Nxc2 R8c4 (41... Rxf3 $19 42. Nb4 Rg8 {
and the game should be over soon.}) 42. Rb2 Rxf3 $2 {[%emt 0:
00:04] Ding Liren chooses the most inappropriate moment to take on f3.} (42...
Rc7 43. Ra2 Kf7 {Black just holds the position and White is at a loss for
moves.} (43... Rxf3 {is also fine now.}) 44. Rb2 Rxf3 $19) 43. Rb7+ $1 Ke8 44. Nb4 $1 {[%emt 0:00:27] With two
powerful moves, White has activated his position.} Rxd4+ (
44... Rf2+ 45. Ke1 $11) 45. Ke2 Re3+ 46. Kf1 Be4 $2 (46... Rxe5 47. Nc6 Bd3+ 48. Kg1 Rg5+
49. Kf2 Rc4 50. Re7+ Kf8 51. Rxc4 Bxc4 52. Rxh7 $19) 47. Rg7 $1 {[%emt 0:00:29]
Of course Wesley is a machine! He defends amazingly. Black has lost all his
advantage now and a mate is threatened on c8.} Kf8 48. Ra7 Rd8 49. Nxa6 Bd3+ 50. Kg1 Rxe5 51. Rd1 $2 {[%emt 0:00:
23] this gives Black some chances.} (51. Nc5 $11) 51... Rxa5 (
51... Rg5+ $1 {This is an important check which will give one extra tempo in
following line, in the game Black didn't get this chance.} 52. Kf2 Rxa5 53. Nc7
Rxa7 54. Nxe6+ Ke8 55. Nxd8 Ra2+ {This is the point of ...Rg5!} 56. Kg1 Be2 57.
Rd4 f3 $19 {and with his extra pawn White can fight for a win.} {The knight
can not come out so easily} 58. Nc6 {as after} (58. Kf2 Bd1+ 59. Kf1 Ba4 60. Rxa4 Rxa4 61. Nc6 $19) 58... f2+ 59. Kxf2 Bb5+
60. Kg3 Bxc6 $19 {White will have a tough time to defend this endgame. Black
has a good plan of action he will bring his king up with bishop and rook help
and slowly push his pawns and try to win the h-pawn which will eventually win
the game.}) 52. Nc7 Rxa7 53. Nxe6+ Ke7 54. Nxd8 {[%emt 0:00:03] This is the difference,
Black doesn't have the intermediate ...Ra2 check.} Bb5 {[%emt 0:00:07] Once
again Black has some chances to push.} 55. Rb1 $1 Bd7 56. Nb7 Ra2 57. Nc5 Bc6 58. Nd3 Rg2+ 59.
Kf1 f3 60. Rb6 Bd5 61. Rb4 {[%emt 0:00:24] With very little time on the clock, Wesley So
defends with great ingenuity.} Rxh2 62. Ne1 Ke6 63. Rf4 $1 {[%emt 0:00:03] And the f-pawn falls.} Rh1+ 64. Kf2 Rh2+ 65. Kg3 Re2 66. Nxf3 Re3 67. Kf2 Rxf3+ 68. Rxf3 {[%emt 0:00:00]
What an escape for the American grandmaster. While Wesley's defensive skills
were on show here, what I also feel should be highlighted is the tenacity of
the Chinese GM. After such a result it is easy to slump and lose the match.
But he kept his cool, offered a draw right out of the opening the next game,
gained back his composure and qualified to the Candidates by beating Wesley So.
} 1/2-1/2